 Dungeon Crawl Stone Soup version 0.30-a0-341-g682706514a (webtiles) character file.

Game seed: 8066967530098637936

3224 sanka the Summoner (level 9, -21/68 HPs)
             Began as a Demigod Summoner on Nov 4, 2022.
             Demolished by a komodo dragon (23 damage)
             ... on level 8 of the Dungeon.
             The game lasted 00:16:29 (9822 turns).

sanka the Summoner (Demigod Summoner)               Turns: 9822, Time: 00:16:30

Health: -21/68     AC:  8    Str:  9    XL:     9   Next: 39%
Magic:  13/18      EV: 14    Int: 29    God:
Gold:   412        SH:  0    Dex: 20    Spells: 6/16 levels left

rFire   . . .      SeeInvis .    a - +7 Singing Sword {vorpal, sonic wave}
rCold   . . .      Faith    .    (no shield)
rNeg    . . .      Spirit   .    H - +0 robe
rPois   .          Reflect  .    (no helmet)
rElec   .          Harm     .    u - +0 cloak
rCorr   .          Rampage  .    e - +0 pair of gloves
Will    .....                    (no boots)
Stlth   ++........               (no amulet)
HPRegen 0.31/turn                n - +4 ring of protection
MPRegen 0.16/turn                F - +6 ring of dexterity

@: no status effects
A: high MP 1, forlorn, divine attributes
a: no special abilities


You were on level 8 of the Dungeon.
You visited 2 branches of the dungeon, and saw 9 of its levels.

You collected 412 gold pieces.


Innate Abilities, Weirdness & Mutations

You have an increased reservoir of magic. (+10% MP)
You shall have no god before yourself.
Your divine heritage dramatically boosts your attributes as you level up.


   Skills:
 + Level 2.8 Fighting
 + Level 3.5 Dodging
 - Level 1.7 Stealth
 - Level 4.0 Spellcasting
 + Level 11.6 Summonings


You had 6 spell levels left.
You knew the following spells:

 Your Spells              Type           Power      Damage    Failure   Level
c - Call Canine Familiar  Summ           65%        N/A       1%          3
x - Call Imp              Summ           65%        N/A       1%          2
z - Summon Small Mammal   Summ           100%       N/A       1%          1
Z - Summon Lightning Spi  Summ/Air       39%        N/A       6%          4

Your spell library contained the following spells:

 Spells                   Type           Power      Damage    Failure   Level
 Summon Guardian Golem    Hex/Summ       39%        N/A       1%          3
 Cigotuvi's Dreadful Rot  Necr/Pois/Air  10%        N/A       11%         2
 Poisonous Vapours        Pois/Air       10%        N/A       11%         2
 Mephitic Cloud           Conj/Pois/Air  5%         N/A       21%         3
 Ozocubu's Armour         Ice            5%         N/A       21%         3
 Cause Fear               Hex            2%         N/A       56%         4
 Fireball                 Conj/Fire      2%         3d4       88%         5
 Iskenderun's Battlesphe  Conj           5%         2d6       88%         5
 Conjure Ball Lightning   Conj/Air       2%         3x3d6     100%        6
 Dragon Form              Tmut           2%         N/A       100%        7
 Orb of Destruction       Conj           2%         9d5       100%        7
 Ozocubu's Refrigeration  Ice            2%         4d8       100%        7
 Borgnjor's Revivificati  Necr           2%         N/A       100%        8
 Necromutation            Tmut/Necr      2%         N/A       100%        8
 Death's Door             Necr           2%         N/A       100%        9
 Dragon's Call            Summ           32%        N/A       100%        9

Inventory:

Hand Weapons
 a - the +7 Singing Sword (weapon) {vorpal, sonic wave}

   It inflicts extra damage upon your enemies.
   It radiates damaging sonic waves as it strikes, especially in combat
   involving dangerous or numerous foes.
 b - the +10 falchion of the Dripping Wolf {holy, rF+ rC+ Will+ Str+5}

   It has been blessed by the Shining One to cause great damage to the undead
   and demons.
   Str:       It affects your strength (+5).
   rF:        It protects you from fire.
   rC:        It protects you from cold.
   Will:      It increases your willpower.
Missiles
 K - a throwing net {=f}
 L - a curare-tipped dart {=f}
Armour
 e - a +0 pair of gloves (worn)
 m - a +0 buckler
 u - a +0 cloak (worn)
 H - a +0 robe (worn)
Magical Staves
 G - a staff of fire
Jewellery
 d - a ring of ice
 n - a +4 ring of protection (left hand)
 t - an amulet of guardian spirit
 D - a ring of flight
 F - a +6 ring of dexterity (right hand)
 I - a ring of flight
 M - a ring of willpower
Wands
 y - a wand of roots (4)
Scrolls
 c - 3 scrolls of vulnerability {unknown}
 g - 2 scrolls of fear {unknown}
 i - 8 scrolls of teleportation {unknown}
 j - a scroll of silence {unknown}
 k - 2 scrolls of amnesia {unknown}
 l - 3 scrolls of enchant weapon {unknown}
 o - 3 scrolls of immolation {unknown}
 s - 2 scrolls of summoning {unknown}
 w - 9 scrolls of identify {unknown}
 x - 3 scrolls of fog {unknown}
 B - a scroll of acquirement {unknown}
 E - a scroll of noise {unknown}
 J - a scroll of magic mapping {unknown}
 N - a scroll of poison {unknown}
Potions
 f - 2 potions of ambrosia {unknown}
 h - 2 potions of degeneration {unknown}
 p - 2 potions of might {unknown}
 q - 7 potions of curing {unknown}
 r - 2 potions of flight {unknown}
 v - 2 potions of magic
 z - a potion of heal wounds {unknown}
 A - 3 potions of berserk rage {unknown}
 C - 2 potions of mutation {unknown}

Dungeon Overview and Level Annotations

Branches:
Dungeon (8/15)             Temple (1/1) D:5
   Lair: D:8-11

Shops:
D:7

( . ▒......▒▒▒▒▒▒▒▒▒▒▒▒▒ ...
▒..................▒
...▒▒▒▒▒▒..................▒
........▒..................▒▒▒▒
........▒.........▒▒...........
▒......▒▒▒▒▒.....▒▒▒▒▒▒▒......
▒......▒▒▒▒▒.....▒▒▒▒▒▒▒).....
.........................).....
............▒5p........).)....▒
▒.▒▒.........hl............▒▒.▒
▒ ▒▒▒▒▒.....g.........▒▒▒▒▒▒)▒
▒▒.▒▒▒▒.......▒▒▒▒.▒▒ ▒))▒
▒.▒▒...▒▒▒▒▒▒▒.. ▒▒.▒▒▒..▒
▒.▒..▒..▒ ..▒..▒.▒▒..▒
▒.▒.▒▒▒▒▒..▒ ▒▒▒.▒.▒..▒ ..▒▒.
▒▒.h. ▒.▒▒...▒ ... g▒ .▒ ▒▒
▒...▒


You could see a komodo dragon (ally target), a gnoll sergeant, a friendly warg
(summoned) and a friendly iron imp (summoned).


Message History

You start resting.
Magic restored.
HP restored.
Things that are here:
a +0 short sword; 2 poisoned darts
Things that are here:
a +0 short sword; 8 poisoned darts; a kobold corpse
Found a scroll labelled SEIT POGGUYJIJ.
N - a scroll labelled SEIT POGGUYJIJ A gnoll sergeant comes into view.
It is wielding a +2 vorpal spear.
The gnoll sergeant shouts!
You hear an angry hiss.
A howler monkey comes into view.
A komodo dragon comes into view.
The komodo dragon attacks as you move away!
The komodo dragon bites you!
The komodo dragon attacks as you move away!
The komodo dragon bites you! The komodo dragon bites you!
* * * LOW HITPOINT WARNING * * *
The komodo dragon attacks as you move away!
The komodo dragon bites you!!
* * * LOW HITPOINT WARNING * * *
Your warg bites the komodo dragon!
Unknown command.
Okay, then.
Your warg bites the komodo dragon.
A metallic apparition takes form in the air.
The komodo dragon bites you!!
You die...

Action                   |  1- 3 |  4- 6 |  7- 9 || total
-------------------------+-------+-------+-------++-------
Melee: Unarmed           |    28 |       |       ||    28
       Spear             |    76 |    71 |       ||   147
       Short sword       |       |    76 |    19 ||    95
       Punch             |       |     1 |     1 ||     2
       Falchion          |       |       |    33 ||    33
       Double sword      |       |       |    18 ||    18
 Cast: Summon Small Mamm |    23 |       |       ||    23
       Call Imp          |     7 |    21 |    15 ||    43
       Call Canine Famil |     1 |    11 |    17 ||    29
       Summon Lightning  |       |       |    12 ||    12
 Stab: Sleeping          |     2 |     5 |     4 ||    11
Armor: Robe              |    25 |    58 |    33 ||   116
Dodge: Dodged            |    89 |   100 |    69 ||   258

Levels and vault maps discovered:
D:1:      giann_horns, layout_loops_ring, minmay_misc_feat_iff
D:2:      kennysheep_six_static_rooms, layout_basic, basic_altar, uniq_natasha,
          uniq_jessica, uniq_crazy_yiuf_cottage
D:3:      layout_loops_ring, wander_ebering_terrifying_dragon_lair
D:4:      layout_cave_pods
D:5:      layout_basic, zin_statuary, minmay_temple_entry_junction,
          hellmonk_ghost_happy_afterlife, serial_glass, glass_columns_a,
          glass_columns_a, kennysheep_big_empty_room, minmay_curled_crystal
D:6:      layout_gridville, serial_park_tiny_pond, corexii_checkpoint_a
D:7:      old_forge, layout_loops_corners, nicolae_overflow_hidden_temple,
          fountainhead, nicolae_shop_firing_range
D:8:      minmay_ornate_pinched, layout_basic, lemuel_blue_sif_altar,
          due_lair_maze_entry_diamond, serial_park_tiny_1, uniq_gastronok,
          uniq_maurice
Temple:   nicolae_temple_bog_church

Notes
Turn   | Place    | Note
-------+----------+-------------------------------------------
     0 | D:1      | sanka the Demigod Summoner began the quest for the Orb.
     0 | D:1      | Reached XP level 1. HP: 14/14 MP: 5/5
   224 | D:1      | Reached skill level 2 in Spellcasting
   374 | D:1      | Reached skill level 4 in Summonings
   382 | D:1      | Reached XP level 2. HP: 20/20 MP: 5/7
   482 | D:1      | Learned a level 2 spell: Call Imp
   738 | D:1      | Reached XP level 3. HP: 26/26 MP: 8/8
   934 | D:2      | Noticed Jessica
   944 | D:2      | Killed Jessica
   945 | D:2      | Reached skill level 5 in Summonings
   995 | D:2      | Learned a level 3 spell: Call Canine Familiar
  1456 | D:3      | Reached XP level 4. HP: 28/33 MP: 4/9
  1994 | D:2      | Noticed Natasha
  2014 | D:2      | Killed Natasha
  2267 | D:2      | Found a runed translucent door.
  2268 | D:2      | Noticed Crazy Yiuf
  2399 | D:2      | Killed Crazy Yiuf
  2400 | D:2      | Reached XP level 5. HP: 38/38 MP: 5/10
  3092 | D:3      | Identified the +3 short sword of Hepliaklqana's Fury {holy,
                  | rPois}
  3101 | D:3      | Noticed an ogre
  3149 | D:3      | Reached skill level 6 in Summonings
  3183 | D:3      | Killed an ogre
  4216 | D:2      | Noticed Natasha
  4224 | D:2      | Killed Natasha
  4229 | D:2      | Noticed Natasha
  4234 | D:2      | Killed Natasha
  4481 | D:4      | Reached XP level 6. HP: 45/45 MP: 8/11
  4853 | D:4      | Reached skill level 7 in Summonings
  5561 | D:5      | Entered Level 5 of the Dungeon
  5576 | D:5      | Reached skill level 8 in Summonings
  5576 | D:5      | Reached XP level 7. HP: 19/50 MP: 5/13
  5757 | D:5      | Learned a level 4 spell: Summon Lightning Spire
  5836 | D:5      | Found a runed translucent door.
  5939 | D:5      | Found a staircase to the Ecumenical Temple.
  6003 | D:5      | Noticed RatherSlowDeath's ghost (novice OgGl)
  6294 | D:5      | Reached skill level 3 in Spellcasting
  6362 | D:5      | Reached skill level 9 in Summonings
  6523 | D:5      | Killed RatherSlowDeath's ghost
  6524 | D:5      | Reached skill level 4 in Spellcasting
  6524 | D:5      | Reached XP level 8. HP: 53/57 MP: 12/17
  6591 | Temple   | Entered the Ecumenical Temple
  6880 | D:6      | Reached skill level 10 in Summonings
  7034 | D:6      | Identified the +10 falchion of the Dripping Wolf {holy, rF+
                  | rC+ Will+ Str+5}
  7721 | D:7      | Reached skill level 11 in Summonings
  7768 | D:7      | Reached XP level 9. HP: 46/63 MP: 18/18
  7769 | D:7      | Reached skill level 2 in Dodging
  8226 | D:7      | Reached skill level 1 in Fighting
  8331 | D:7      | Found the +7 Singing Sword {vorpal, sonic wave}
  8537 | D:7      | Reached skill level 2 in Fighting
  8537 | D:7      | Reached skill level 3 in Dodging
  8606 | D:7      | Found Okesulaez's Firing Range.
  9025 | D:8      | HP: 5/68 [poisoned by a gnoll sergeant]
  9030 | D:8      | HP: 2/68 [poisoned by a gnoll sergeant]
  9815 | D:8      | Noticed a komodo dragon
  9820 | D:8      | HP: 1/68 [komodo dragon (27)]
  9822 | D:8      | Demolished by a komodo dragon

Vanquished Creatures
  A wyvern (D:7)
  A steam dragon (D:6)
  A water moccasin (D:8)
  2 centaurs
  2 phantoms (D:5)
  A bullfrog (D:6)
  A necrophage (D:6)
  2 scorpions
  An orc priest (D:8)
  An iguana (D:6)
  Natasha (twice) (D:2)
  4 gnolls (D:8)
  An adder (D:6)
  An ufetubus (D:7)
  A worm (D:4)
  A dart slug (D:3)
  7 orcs
  9 ball pythons
  4 bats
  5 endoplasms
  5 goblins
  3 hobgoblins
  2 jackals (D:4)
  3 quokkas
  A training dummy (D:7)
  5 frilled lizards
  8 kobolds
  3 rats
78 creatures vanquished.

Vanquished Creatures (collateral kills)
  The ghost of RatherSlowDeath the Cudgeller, a novice OgGl of Hepliaklqana (D:5)
  A steam dragon (D:7)
  An ice beast (D:5)
  An orc warrior (D:6)
  A black bear (D:4)
  2 ogres
  A centaur (D:7)
  A kobold brigand (D:8)
  5 scorpions
  A bullfrog (D:7)
  A gnoll sergeant (D:6)
  An electric eel (D:7)
  2 jellies (D:5)
  A hound (D:5)
  An orc priest (D:6)
  Crazy Yiuf (D:2)
  Jessica (D:2)
  2 iguanas
  Natasha (D:2)
  An orc wizard (D:5)
  11 adders
  8 gnolls
  A white imp (D:5)
  An ufetubus (D:5)
  2 worms
  16 orcs
  8 bats
  4 endoplasms
  A giant cockroach (D:1)
  4 goblins
  4 hobgoblins
  2 jackals (D:4)
  3 kobolds
  A quokka (D:2)
  2 training dummies (D:7)
  3 ball pythons
  A rat (D:3)
99 creatures vanquished.

Vanquished Creatures (others)
  14 fungi
  2 plants (D:8)
16 creatures vanquished.

Grand Total: 193 creatures vanquished
